 Dungeon Crawl Stone Soup version 0.30-a0-622-gddc90eaa04 (webtiles) character file.

Game seed: 2360483630517407551

493 PyroL the Grave Robber (level 6, -13/41 HPs)
             Began as a Demonspawn Necromancer on Jan 10, 2023.
             Mangled by an ogre
             ... wielding a +0 giant club
              (25 damage)
             ... on level 5 of the Dungeon.
             The game lasted 00:07:23 (3639 turns).

PyroL the Grave Robber (Demonspawn Necromancer)     Turns: 3639, Time: 00:07:23

Health: -13/41     AC:  3    Str:  8    XL:     6   Next: 92%
Magic:  0/11       EV: 11    Int: 17    God:
Gold:   193        SH:  4    Dex: 13    Spells: 4/12 levels left

rFire   . . .      SeeInvis .    g - +1 dagger (venom)
rCold   . . .      Faith    .    d - +0 buckler
rNeg    + + .      Spirit   +    a - +0 robe
rPois   +          Reflect  .    (no helmet)
rElec   .          Harm     .    (cloak unavailable)
rCorr   .          Rampage  .    (no gloves)
Will    +++..                    r - +0 pair of boots
Stlth   ++                       u - amulet "Comid" {Spirit rPois rN+ Will+++ Int-2}
HPRegen 0.26/turn                n - ring of positive energy
MPRegen 0.24/turn                B - ring of wizardry

@: animating dead
A: magic regeneration, weakness stinger 3
a: no special abilities


You were on level 5 of the Dungeon.
You visited 1 branch of the dungeon, and saw 5 of its levels.

You collected 193 gold pieces.

Inventory:

Hand Weapons
 g - a +1 dagger of venom (weapon)
Missiles
 i - 6 javelins
 p - 4 poisoned darts
Armour
 a - a +0 robe (worn)
 d - a +0 buckler (worn)
 r - a +0 pair of boots (worn)
Jewellery
 n - a ring of positive energy (left hand)
 u - the amulet "Comid" (around neck) {Spirit rPois rN+ Will+++ Int-2}
   (You found it on level 3 of the Dungeon)

   [amulet of guardian spirit]

   It causes incoming damage to be divided between your reserves of health and
   magic.
   Int:       It affects your intelligence (-2).
   rPois:     It protects you from poison.
   rN:        It protects you from negative energy.
   Will:      It greatly increases your willpower.
 B - a ring of wizardry (right hand)
Scrolls
 c - 3 scrolls of teleportation
 e - 2 scrolls of vulnerability {unknown}
 f - 2 scrolls of summoning {unknown}
 j - a scroll of fear {unknown}
 k - a scroll of enchant weapon {unknown}
 o - a scroll of poison {unknown}
 w - 2 scrolls of fog {unknown}
 x - a scroll of blinking {unknown}
 y - a scroll of torment {unknown}
 z - 2 scrolls of silence {unknown}
 A - 2 scrolls of identify {unknown}
Potions
 b - a potion of magic
 h - a potion of curing {unknown}
 l - a potion of ambrosia {unknown}
 m - a potion of heal wounds {unknown}
 q - a potion of haste {unknown}
 s - 2 potions of flight {unknown}
 t - 2 potions of brilliance {unknown}
 v - 2 potions of resistance {unknown}


   Skills:
 - Level 1.7 Dodging
 - Level 1.7 Stealth
 + Level 3.0 Shields
 - Level 3.7 Spellcasting
 * Level 7.2 Necromancy


You had 4 spell levels left.
You knew the following spells:

 Your Spells              Type           Power      Damage    Failure   Level
a - Necrotise             Necr           100%       1d9       1%          1
b - Vampiric Draining     Necr           27%        2d7       1%          3
c - Animate Dead          Necr           27%        N/A       4%          4

Your spell library contained the following spells:

 Spells                   Type           Power      Damage    Failure   Level
 Slow                     Hex            12%        N/A       9%          1
 Blink                    Tloc           6%         N/A       13%         2
 Momentum Strike          Conj/Tloc      6%         3d8       13%         2
 Confusing Touch          Hex            3%         N/A       26%         3
 Lesser Beckoning         Tloc           6%         N/A       26%         3
 Agony                    Necr           27%        N/A       12%         5


Dungeon Overview and Level Annotations

Branches:
Dungeon (5/15)
 Temple: D:4-7

Altars:
Qazlal
Ru

Shops:
D:4 :


Innate Abilities, Weirdness & Mutations

You regenerate magic rapidly.
You have a sharp stinger which inflicts weakening toxins.


Message History

Magic restored.
Your hound skeleton crumbles into dust!
Found 6 stones.
No target in view!
Found a ring mail.
Found a sacrificial altar of Ru.
An ogre comes into view. It is wielding a +0 giant club.
Found a helmet and a murky puce potion.
The ogre shouts!
You hear a shout!
An adder comes into view.
A shadow imp comes into view.
The ogre writhes in agony.
The ogre writhes in agony.
The ogre writhes in agony!
Casting: Necrotise (safe; 1% risk of failure)
Confirm with . or Enter, or press ? or * to list all spells.
You call upon the dead to rise.
The ogre hits you with a +0 giant club!!
Ouch! That really hurt!
* * * LOW HITPOINT WARNING * * *
The ogre attacks as you move away! The ogre barely misses you.
You are too injured to fight recklessly!
Casting: Animate Dead (dangerous; 4% risk of failure)
Confirm with . or Enter, or press ? or * to list all spells.
Aiming: Necrotise (safe; 1% risk of failure)
Press: ? - help, Shift-Dir - straight line, f/p - ogre
Aim: an ogre, wielding a +0 giant club (severely wounded, chance to affect: 83%)
The ogre writhes in agony.
The ogre attacks as you move away! The ogre hits you with a +0 giant club.
* * * LOW HITPOINT WARNING * * *
The shadow imp disappears for a moment.
Casting: Necrotise (safe; 1% risk of failure)
Confirm with . or Enter, or press ? or * to list all spells.
Aiming: Necrotise (safe; 1% risk of failure)
Press: ? - help, Shift-Dir - straight line, f/p - ogre
Aim: an ogre, wielding a +0 giant club (severely wounded, chance to affect: 83%)
The ogre writhes in agony.
The ogre hits you with a +0 giant club!!
Ouch! That really hurt!
You die...

§.≈≈..# #.# §.≈≈..# #.#
#. ≈_≈§..# #.# #.##
≈§≈≈!.# #.# ..# ≈≈...#
#.# #(# . ...# #.# ##.##
...##.####.###...##
...........##..S..###.#
......####...5.O@.....#
.[..######.##.....######
...##..................#
......####.####.######.#
.# #.# #.# #.# # #.# #.#
#.# ..# .# #.# #.# #.#
##.#..# #.# #.# #.#
##.#..####.# #.# #.#


You could see an ogre, an adder and a shadow imp.

Vanquished Creatures
  A necrophage (D:4)
  2 scorpions (D:4)
  A howler monkey (D:4)
  A hound (D:5)
  An orc priest (D:4)
  An orc wizard (D:4)
  3 gnolls (D:3)
  6 adders
  A worm (D:2)
  4 dart slugs
  2 orcs (D:4)
  9 ball pythons
  5 bats
  10 endoplasms
  4 giant cockroaches
  8 goblins
  5 hobgoblins
  3 jackals (D:1)
  7 quokkas
  A frilled lizard (D:3)
  10 kobolds
  4 rats
89 creatures vanquished.

Vanquished Creatures (collateral kills)
  An endoplasm (D:2)
  A hobgoblin (D:2)
  2 rats (D:1)
4 creatures vanquished.

Grand Total: 93 creatures vanquished

Notes
Turn   | Place    | Note
-------+----------+-------------------------------------------
     0 | D:1      | PyroL the Demonspawn Necromancer began the quest for the
                  | Orb.
     0 | D:1      | Reached XP level 1. HP: 13/13 MP: 3/3
   142 | D:1      | Discovered your monstrous ancestry.
   142 | D:1      | Gained mutation: You have a small tail. [demonic ancestry]
   142 | D:1      | Reached XP level 2. HP: 16/19 MP: 1/5
   759 | D:1      | Gained mutation: You have a tail ending in a sharp stinger.
                  | [demonic ancestry]
   759 | D:1      | Reached XP level 3. HP: 24/24 MP: 3/6
   922 | D:2      | Reached skill level 1 in Shields
  1010 | D:2      | Reached skill level 5 in Necromancy
  1327 | D:2      | Gained mutation: You regenerate magic rapidly. [demonic
                  | ancestry]
  1327 | D:2      | Reached XP level 4. HP: 30/30 MP: 6/8
  1330 | D:2      | Found a faded altar of an unknown god.
  1895 | D:3      | Identified the amulet "Comid" {Spirit rPois rN+ Will+++
                  | Int-2}
  2466 | D:3      | Found a stormy altar of Qazlal.
  2690 | D:4      | Reached XP level 5. HP: 34/35 MP: 7/10
  2904 | D:4      | Learned a level 3 spell: Vampiric Draining
  2909 | D:4      | Learned a level 4 spell: Animate Dead
  2973 | D:4      | Reached skill level 6 in Necromancy
  2973 | D:4      | Gained mutation: You have a sharp stinger which inflicts
                  | weakening toxins. [demonic ancestry]
  2973 | D:4      | Reached XP level 6. HP: 13/41 MP: 7/11
  3247 | D:4      | Reached skill level 7 in Necromancy
  3466 | D:4      | Found Uczot's Tremendous Tomes.
  3533 | D:5      | Entered Level 5 of the Dungeon
  3620 | D:5      | Found a sacrificial altar of Ru.
  3639 | D:5      | Mangled by an ogre

Illustrated notes

Levels and vault maps discovered:
D:1:      psy_arrival_heroes, layout_basic, hangedman_decor_slide_cut,
          st_stairs_13, nicolae_titane
D:2:      layout_basic, chequers_ecumenical_altar_simple_redux,
          minmay_misc_feat_four_crosses, minivault_4, minmay_unequal
D:3:      layout_basic, nicolae_qazlal_eye_of_the_storm
D:4:      layout_cave_pools, nicolae_shop_i_like_big_books
D:5:      layout_loops_ring, mainiacjoe_overflow_catwalk,
          minmay_temple_entry_stoned_glass, serial_shops,
          nicolae_shop_temple_entry_statues_fountains,
          ebering_ghost_reflecting_pool

Skill      XL: |  1  2  3  4  5  6 |
---------------+-------------------+-----
Shields        | 1 2 3 |  3.0
Necromancy     | 5 6 7 |  7.2
Spellcasting   | 3 |  3.7
Dodging        | |  1.7
Stealth        | |  1.7

Action                   |  1- 3 |  4- 6 || total
-------------------------+-------+-------++-------
Melee: Unarmed           |     3 |       ||     3
       Dagger            |    46 |    88 ||   134
       Tailslap          |    13 |     9 ||    22
 Cast: Necrotise         |    54 |    76 ||   130
       Vampiric Draining |       |     4 ||     4
       Animate Dead      |       |     1 ||     1
  Use: Scroll            |       |     1 ||     1
 Stab: Sleeping          |     1 |       ||     1
Armor: Robe              |    11 |    30 ||    41
Dodge: Dodged            |    26 |    55 ||    81
Block: Buckler           |    15 |    19 ||    34

Table legend: (Time is in decaauts)
 A = Elapsed time spent in this place.
 B = Non-inter-level travel time spent in this place.
 C = Inter-level travel time spent in this place.
 D = Time resting spent in this place.
 E = Time spent auto-exploring this place.
 F = Levels seen in this place.
 G = Mean time per level.
                   A        B        C        D        E       F      G
               +--------+--------+--------+--------+--------+-----+--------+
         Total |   3645 |   3518 |    127 |    225 |   2561 |   5 |  729.0 |
       Dungeon |   3645 |   3518 |    127 |    225 |   2561 |   5 |  729.0 |
               +--------+--------+--------+--------+--------+-----+--------+

Top non-repeatable levels by time:
     D:2: 1062 daAuts
     D:4: 900 daAuts
     D:1: 808 daAuts
     D:3: 769 daAuts
     D:5: 105 daAuts
